Avalanche vs Stars
Created - December 5, 2017 at 19:13
Goals
|
Avalanche |
0 |
1 |
1 |
2 |
Stars |
3 |
0 |
1 |
4 |
|
Shots
|
Avalanche |
12 |
10 |
12 |
34 |
Stars |
13 |
4 |
15 |
32 |
|
1st period
1. Stars , John Tavares 15 (Michael Frolik 14) at 2:19 (PP)
2. Stars , Michael Frolik 14 (Evgeny Artyukhin 5, Andrei Markov 7) at 13:22
3. Stars , Michael Frolik 15 (John Tavares 20, Scott Hartnell 12) at 15:23
Penalties :
Bryan Little (Col) for Roughing (Minor) at 2:11
2nd period
4. Avalanche , Cory Emmerton 6 (Jay Bouwmeester 11, Chuck Kobasew 5) at 7:31
Penalties :
Corey Perry (Col) for Roughing (Minor) at 2:58, Paul Stastny (Col) for Holding (Minor) at 11:34, Brian Lee (Dal) for Roughing (Minor) at 17:59
3rd period
5. Stars , Scott Hartnell 12 (John Tavares 21, Michael Frolik 15) at 0:11
6. Avalanche , David Krejci 4 (Pernell Karl Subban 5) at 18:33
Penalties :
Dustin Penner (Dal) for Interference (Minor) at 5:33, Johnny Oduya (Dal) for Roughing (Minor) at 9:54, Shaone Morrisonn (Dal) for Roughing (Minor) at 14:34, Andrei Kostitsyn (Col) for Hooking (Minor) at 19:33
Goalie Stats
Dan Ellis (Col), 15 saves from 19 shots - (0.789), L, 1-2-0, 40:11 minutes
Semyon Varlamov (Col), 13 saves from 13 shots - (1.000), 19:49 minutes
Pascal Leclaire (Dal), 32 saves from 34 shots - (0.941), W, 9-8-1, 60:00 minutes
Players Stats for Avalanche
Player Name G A P +/- PIM S H SB GA TA FO MP PP MP PK MP
------------------------------------------------------------------------------------
Alexander Radulov 0 0 0 1 0 1 1 0 0 0 0/0 12:53 3:36 0:00
Andrei Kostitsyn 0 0 0 0 2 2 0 0 0 1 1/1 15:21 3:36 0:48
Andrew Ladd 0 0 0 0 0 5 1 1 0 0 2/5 14:55 0:09 2:10
Brandon Yip 0 0 0 0 0 2 2 0 0 0 0/0 13:08 0:00 0:57
Bryan Little 0 0 0 -2 2 5 3 0 1 0 10/22 19:00 4:14 0:00
Chuck Kobasew 0 1 1 0 0 0 0 0 0 0 0/1 13:49 0:00 2:38
Corey Perry 0 0 0 -2 2 3 2 0 1 0 1/3 19:06 4:17 0:00
Cory Emmerton 1 0 1 0 0 2 1 0 1 0 3/9 12:25 0:00 1:14
David Krejci 1 0 1 1 0 4 0 0 0 0 2/2 9:34 0:00 0:20
Jack Johnson 0 0 0 1 0 2 2 2 0 0 0/0 23:47 5:15 2:37
Jay Bouwmeester 0 1 1 1 0 0 0 0 0 1 0/0 20:08 2:41 1:30
Johnny Boychuk 0 0 0 0 0 0 0 2 1 3 0/0 16:11 0:00 0:00
Marc Staal 0 0 0 -2 0 3 0 2 0 2 0/0 23:41 5:15 3:02
Matt Lashoff 0 0 0 0 0 0 2 2 0 0 0/0 15:34 0:00 0:25
Mikkel Boedker 0 0 0 -2 0 3 2 0 1 0 3/3 19:01 4:14 0:00
Paul Stastny 0 0 0 0 2 1 2 0 0 0 2/4 15:57 3:36 0:00
Pernell Karl Subban 0 1 1 -2 0 0 1 0 0 1 0/0 20:39 2:41 1:30
Ryan Smyth 0 0 0 1 0 1 1 0 0 1 0/0 10:15 0:06 0:57
Players Stats for Stars
Player Name G A P +/- PIM S H SB GA TA FO MP PP MP PK MP
------------------------------------------------------------------------------------
Alex Chiasson 0 0 0 -1 0 3 0 0 0 0 0/0 8:40 0:00 0:00
Andrei Markov 0 1 1 1 0 0 0 2 0 1 0/0 19:42 2:25 2:52
Brian Lee 0 0 0 -1 2 2 0 1 1 1 0/0 26:27 2:07 4:00
Dustin Penner 0 0 0 -1 2 1 1 0 0 0 0/0 10:31 0:16 1:16
Evgeny Artyukhin 0 1 1 0 0 1 3 1 1 0 0/0 10:33 0:00 0:00
John Tavares 1 2 3 3 0 4 3 1 1 0 12/25 21:48 1:52 4:08
Johnny Oduya 0 0 0 -1 2 0 1 1 1 1 0/0 26:29 2:07 3:52
Jussi Jokinen 0 0 0 -1 0 0 1 0 1 0 1/1 17:00 2:24 2:18
Matt Cooke 0 0 0 0 0 2 0 1 0 0 0/0 11:09 0:22 0:01
Michael Frolik 2 2 4 3 0 5 2 1 0 1 1/5 19:25 1:52 1:53
Michal Handzus 0 0 0 0 0 3 2 0 0 0 1/2 12:52 0:00 2:06
Radim Vrbata 0 0 0 -1 0 2 2 0 0 0 1/2 14:42 2:24 0:00
Raphael Diaz 0 0 0 1 0 0 1 3 0 0 0/0 12:47 0:00 0:00
Rickard Wallin 0 0 0 -1 0 0 1 0 1 0 1/1 8:40 0:00 0:00
Ryan Getzlaf 0 0 0 -1 0 3 1 0 2 0 9/14 14:42 2:24 0:00
Scott Hartnell 1 1 2 3 0 5 2 2 0 0 0/0 21:53 2:02 4:10
Shaone Morrisonn 0 0 0 1 2 0 0 1 0 1 0/0 15:13 0:00 2:31
Trevor Daley 0 0 0 1 0 1 0 0 1 0 0/0 19:27 2:25 2:37
3 Stars
1 - Michael Frolik (Dal)
2 - John Tavares (Dal)
3 - Scott Hartnell (Dal)
Power Play
Avalanche - 0 on 4 Attempt(s) - 0.00%
Stars - 1 on 4 Attempt(s) - 25.00%
Penalty Kill
Avalanche - 3 on 4 Attempt(s) - 75.00%
- Score 0 goal in Penalty Kill
Stars - 4 on 4 Attempt(s) - 100.00%
- Score 0 goal in Penalty Kill
Team Stat
Avalanche - Hits : 20 - Faceoff Wins : 24 - Blocked Shots : 9 - Penalty Minutes : 8
Stars - Hits : 20 - Faceoff Wins : 26 - Blocked Shots : 14 - Penalty Minutes : 8
Official
Referees : Banfield David and O'Rourke Dan
Linesman : Mike Cvik and Don Henderson
Game Notes
Semyon Varlamov enters game at 0:11 of 3rd period
Finance
Level 1 -- Attendance: 6000 (100.00%) -- Ticket Income $420,000
Level 2 -- Attendance: 4090 (81.80%) -- Ticket Income $245,400
Level 3 -- Attendance: 1133 (56.65%) -- Ticket Income $56,650
Level 4 -- Attendance: 2117 (52.93%) -- Ticket Income $84,680
Luxury Box -- Attendance: 1000 (100.00%) -- Ticket Income $105,000
Game was played at the American Airlines Center.
Total Attendance: 14340 (79.67%)
Total Ticket Income: $911,730
Other Income: $136,760
Total Income: $1,048,490
Avalanche
5 vs 5 Forward
Center Left Wing Right Wing Time % Phy DF OF
1 Bryan Little Mikkel Boedker Corey Perry 35 1 2 2
2 Cory Emmerton Andrei Kostitsyn Chuck Kobasew 25 1 2 2
3 Paul Stastny Andrew Ladd Brandon Yip 25 1 2 2
4 David Krejci Ryan Smyth Alexander Radulov 15 1 2 2
5 vs 5 Defense
Defense Defense Time % Phy DF OF
1 Jack Johnson Jay Bouwmeester 35 1 2 2
2 Marc Staal Pernell Karl Subban 35 1 2 2
3 Johnny Boychuk Matt Lashoff 30 1 2 2
4 Jack Johnson Marc Staal 0 1 2 2
PowerPlay Forward
Center Left Wing Right Wing Time % Phy DF OF
1 Bryan Little Mikkel Boedker Corey Perry 60 1 2 2
2 Paul Stastny Andrei Kostitsyn Alexander Radulov 40 1 2 2
PowerPlay Defense
Defense Defense Time % Phy DF OF
1 Jack Johnson Marc Staal 60 1 2 2
2 Pernell Karl Subban Jay Bouwmeester 40 1 2 2
Penalty Kill 4 Players Forward
Center Wing Time % Phy DF OF
1 Andrew Ladd Chuck Kobasew 60 1 2 2
2 Brandon Yip Ryan Smyth 40 1 2 2
Penalty Kill 4 Players Defense
Defense Defense Time % Phy DF OF
1 Jack Johnson Marc Staal 60 1 2 2
2 Pernell Karl Subban Jay Bouwmeester 40 1 2 2
Penalty Kill - 3 Players Forward
Forward Time % Phy DF OF
1 Bryan Little 60 1 2 2
2 Mikkel Boedker 40 1 2 2
Penalty Kill - 3 Players Defense
Defense Defense Time % Phy DF OF
1 Jack Johnson Marc Staal 60 1 2 2
2 Pernell Karl Subban Jay Bouwmeester 40 1 2 2
4 vs 4 Forward
Center Wing Time % Phy DF OF
1 Bryan Little Mikkel Boedker 60 1 2 2
2 Corey Perry Andrei Kostitsyn 40 1 2 2
4 vs 4 Defense
Defense Defense Time % Phy DF OF
1 Jack Johnson Marc Staal 60 1 2 2
2 Pernell Karl Subban Jay Bouwmeester 40 1 2 2
Last Minutes Offensive
Center Left Wing Right Wing Defense Defense
Bryan Little Mikkel Boedker Corey Perry Jack Johnson Jay Bouwmeester
Last Minutes Defensive
Center Left Wing Right Wing Defense Defense
Bryan Little Andrew Ladd Chuck Kobasew Marc Staal Pernell Karl Subban
Goaltenders
Starting : Dan Ellis
Backup : Semyon Varlamov
Extra Forwards
Normal : Andrew Ladd, Alexander Radulov, Cory Emmerton - PP : Andrew Ladd, Alexander Radulov - PK : Cory Emmerton
Extra Defensemen
Normal : Johnny Boychuk, Matt Lashoff, Pernell Karl Subban - PP : Johnny Boychuk - PK : Matt Lashoff, Pernell Karl Subban
Penalty Shots
Bryan Little, Mikkel Boedker, Corey Perry, Andrei Kostitsyn, Paul Stastny
Scratches
Mark Giordano (Sports Hernia Injury)
Stars
5 vs 5 Forward
Center Left Wing Right Wing Time % Phy DF OF
1 John Tavares Scott Hartnell Michael Frolik 40 1 2 2
2 Ryan Getzlaf Jussi Jokinen Radim Vrbata 30 1 2 2
3 Michal Handzus Matt Cooke Evgeny Artyukhin 20 1 2 2
4 Rickard Wallin Dustin Penner Alex Chiasson 10 1 2 2
5 vs 5 Defense
Defense Defense Time % Phy DF OF
1 Johnny Oduya Brian Lee 40 1 2 2
2 Trevor Daley Andrei Markov 30 1 2 2
3 Raphael Diaz Shaone Morrisonn 20 1 2 2
4 Johnny Oduya Brian Lee 10 1 2 2
PowerPlay Forward
Center Left Wing Right Wing Time % Phy DF OF
1 John Tavares Scott Hartnell Michael Frolik 60 1 2 2
2 Ryan Getzlaf Jussi Jokinen Radim Vrbata 40 1 2 2
PowerPlay Defense
Defense Defense Time % Phy DF OF
1 Johnny Oduya Brian Lee 60 1 2 2
2 Trevor Daley Andrei Markov 40 1 2 2
Penalty Kill 4 Players Forward
Center Wing Time % Phy DF OF
1 John Tavares Scott Hartnell 60 1 2 2
2 Jussi Jokinen Michael Frolik 40 1 2 2
Penalty Kill 4 Players Defense
Defense Defense Time % Phy DF OF
1 Johnny Oduya Brian Lee 60 1 2 2
2 Trevor Daley Andrei Markov 40 1 2 2
Penalty Kill - 3 Players Forward
Forward Time % Phy DF OF
1 John Tavares 60 1 2 2
2 Scott Hartnell 40 1 2 2
Penalty Kill - 3 Players Defense
Defense Defense Time % Phy DF OF
1 Johnny Oduya Brian Lee 60 1 2 2
2 Trevor Daley Andrei Markov 40 1 2 2
4 vs 4 Forward
Center Wing Time % Phy DF OF
1 John Tavares Scott Hartnell 60 1 2 2
2 Jussi Jokinen Michael Frolik 40 1 2 2
4 vs 4 Defense
Defense Defense Time % Phy DF OF
1 Johnny Oduya Brian Lee 60 1 2 2
2 Trevor Daley Andrei Markov 40 1 2 2
Last Minutes Offensive
Center Left Wing Right Wing Defense Defense
John Tavares Scott Hartnell Michael Frolik Johnny Oduya Brian Lee
Last Minutes Defensive
Center Left Wing Right Wing Defense Defense
John Tavares Scott Hartnell Michael Frolik Johnny Oduya Brian Lee
Goaltenders
Starting : Pascal Leclaire
Backup : Miika Kiprusoff
Extra Forwards
Normal : Matt Cooke, Dustin Penner, Michal Handzus - PP : Matt Cooke, Dustin Penner - PK : Michal Handzus
Extra Defensemen
Normal : Raphael Diaz, Shaone Morrisonn, Trevor Daley - PP : Raphael Diaz - PK : Shaone Morrisonn, Trevor Daley
Penalty Shots
John Tavares, Scott Hartnell, Jussi Jokinen, Michael Frolik, Ryan Getzlaf
Scratches
Daniel Cleary (Suspend)
% Time on Ice - Avalanche
Lines # - Real PCT - Wanted PCT - Time Play
Normal Forward
1 - 31% - 35% - 14:53
2 - 24% - 25% - 11:21
3 - 26% - 25% - 12:09
4 - 19% - 15% - 9:09
Normal Defense
1 - 34% - 35% - 16:18
2 - 32% - 35% - 15:00
3 - 34% - 30% - 16:11
4 - 0% - 0% - 0:03
PP Forward
1 - 55% - 60% - 4:20
2 - 45% - 40% - 3:36
PP Defense
1 - 66% - 60% - 5:15
2 - 34% - 40% - 2:41
PK Forward
1 - 79% - 60% - 3:35
2 - 21% - 40% - 0:57
PK Defense
1 - 67% - 60% - 3:02
2 - 33% - 40% - 1:30
PK3 Forward
1 - 0% - 60%
2 - 0% - 40%
PK3 Defense
1 - 0% - 60%
2 - 0% - 40%
44 Forward
1 - 0% - 60%
2 - 0% - 40%
44 Defense
1 - 0% - 60%
2 - 0% - 40%
Last Minute Offensive - 0:00
Last Minute Defensive - 0:00
Total
Forward - 60:00
Defense - 60:00
|
% Time on Ice - Stars
Lines # - Real PCT - Wanted PCT - Time Play
Normal Forward
1 - 34% - 40% - 16:01
2 - 26% - 30% - 12:18
3 - 22% - 20% - 10:33
4 - 18% - 10% - 8:40
Normal Defense
1 - 40% - 40% - 18:58
2 - 30% - 30% - 14:25
3 - 27% - 20% - 12:36
4 - 3% - 10% - 1:33
PP Forward
1 - 47% - 60% - 2:08
2 - 53% - 40% - 2:24
PP Defense
1 - 47% - 60% - 2:07
2 - 53% - 40% - 2:25
PK Forward
1 - 76% - 60% - 6:03
2 - 24% - 40% - 1:53
PK Defense
1 - 67% - 60% - 5:19
2 - 33% - 40% - 2:37
PK3 Forward
1 - 0% - 60%
2 - 0% - 40%
PK3 Defense
1 - 0% - 60%
2 - 0% - 40%
44 Forward
1 - 0% - 60%
2 - 0% - 40%
44 Defense
1 - 0% - 60%
2 - 0% - 40%
Last Minute Offensive - 0:00
Last Minute Defensive - 0:00
Total
Forward - 60:00
Defense - 60:00
|
Play by Play
1st period
0:01 of 1st period - Bryan Little wins face-off versus Michael Frolik in neutral zone.
0:17 of 1st period - Snap shot by John Tavares.
0:17 of 1st period - Stopped by Dan Ellis without a rebound.
0:18 of 1st period - Ryan Getzlaf wins face-off versus Cory Emmerton in Avalanche zone.
0:43 of 1st period - Andrei Markov is hit by Brandon Yip and loses puck.
0:48 of 1st period - Snap shot by Andrew Ladd.
0:48 of 1st period - Stopped by Pascal Leclaire with a rebound.
1:05 of 1st period - Evgeny Artyukhin is hit by Paul Stastny and loses puck.
1:18 of 1st period - Snap shot by Michal Handzus.
1:18 of 1st period - Stopped by Dan Ellis with a rebound.
1:20 of 1st period - Snap shot by Michal Handzus.
1:20 of 1st period - Shot Blocked by Johnny Boychuk.
1:22 of 1st period - Slapshot by Matt Cooke.
1:22 of 1st period - Shot Blocked by Matt Lashoff.
1:47 of 1st period - Snap shot by Evgeny Artyukhin.
1:47 of 1st period - Deflect By Michal Handzus.
1:47 of 1st period - Shot Misses the Net.
1:47 of 1st period - Puck is out of play.
1:48 of 1st period - John Tavares wins face-off versus Corey Perry in Avalanche zone.
1:59 of 1st period - Wrist shot by John Tavares.
1:59 of 1st period - Shot Blocked by Jack Johnson.
2:05 of 1st period - Snap shot by Michael Frolik.
2:05 of 1st period - Shot Misses the Net.
2:11 of 1st period - Minor Penalty to Bryan Little for Roughing.
2:12 of 1st period - John Tavares wins face-off versus Andrew Ladd in Avalanche zone.
2:19 of 1st period - Wrist shot by John Tavares.
2:19 of 1st period - Goal by John Tavares - Avalanche : 0 - Stars : 1.
2:20 of 1st period - David Krejci wins face-off versus Ryan Getzlaf in neutral zone.
2:23 of 1st period - Wrist shot by David Krejci.
2:23 of 1st period - Stopped by Pascal Leclaire without a rebound.
2:24 of 1st period - David Krejci wins face-off versus Radim Vrbata in Stars zone.
2:27 of 1st period - Snap shot by Alexander Radulov.
2:27 of 1st period - Shot Blocked by Raphael Diaz.
2:29 of 1st period - Slapshot by Pernell Karl Subban.
2:29 of 1st period - Shot Blocked by Raphael Diaz.
2:33 of 1st period - Wrist shot by Alexander Radulov.
2:33 of 1st period - Shot Misses the Net.
2:35 of 1st period - Slapshot by Marc Staal.
2:35 of 1st period - Deflect By Alexander Radulov.
2:35 of 1st period - Stopped by Pascal Leclaire with a rebound.
2:37 of 1st period - Snap shot by Ryan Smyth.
2:37 of 1st period - Deflect By Radim Vrbata.
2:37 of 1st period - Stopped by Pascal Leclaire with a rebound.
2:39 of 1st period - Backhand shot by Marc Staal.
2:39 of 1st period - Deflect By Raphael Diaz.
2:39 of 1st period - Stopped by Pascal Leclaire with a rebound.
3:29 of 1st period - Jack Johnson is hit by Michal Handzus and loses puck.
3:50 of 1st period - Andrew Ladd is hit by Ryan Getzlaf and loses puck.
4:01 of 1st period - Snap shot by Jussi Jokinen.
4:01 of 1st period - Shot Misses the Net.
4:04 of 1st period - Icing by Andrew Ladd.
4:05 of 1st period - John Tavares wins face-off versus Paul Stastny in Avalanche zone.
4:20 of 1st period - Wrist shot by Andrew Ladd.
4:20 of 1st period - Shot Misses the Net.
4:22 of 1st period - Wrist shot by Andrew Ladd.
4:22 of 1st period - Shot Blocked by Scott Hartnell.
4:24 of 1st period - Slapshot by Andrew Ladd.
4:24 of 1st period - Deflect By Brandon Yip.
4:24 of 1st period - Shot Misses the Net.
4:24 of 1st period - Puck is out of play.
4:25 of 1st period - Mikkel Boedker wins face-off versus Ryan Getzlaf in Stars zone.
4:42 of 1st period - Snap shot by Mikkel Boedker.
4:42 of 1st period - Stopped by Pascal Leclaire with a rebound.
4:52 of 1st period - John Tavares is hit by Cory Emmerton and loses puck.
7:11 of 1st period - John Tavares is hit by Paul Stastny.
7:57 of 1st period - Snap shot by Corey Perry.
7:57 of 1st period - Shot Misses the Net.
8:07 of 1st period - Wrist shot by Bryan Little.
8:07 of 1st period - Shot Blocked by Raphael Diaz.
8:43 of 1st period - Wrist shot by Evgeny Artyukhin.
8:43 of 1st period - Stopped by Dan Ellis without a rebound.
8:44 of 1st period - Bryan Little wins face-off versus John Tavares in Avalanche zone.
9:19 of 1st period - Wrist shot by Jussi Jokinen.
9:19 of 1st period - Shot Misses the Net.
9:56 of 1st period - Snap shot by John Tavares.
9:56 of 1st period - Stopped by Dan Ellis with a rebound.
9:58 of 1st period - Wrist shot by Michael Frolik.
9:58 of 1st period - Stopped by Dan Ellis without a rebound.
9:59 of 1st period - Mikkel Boedker wins face-off versus John Tavares in Avalanche zone.
10:06 of 1st period - Snap shot by Corey Perry.
10:06 of 1st period - Stopped by Pascal Leclaire with a rebound.
10:14 of 1st period - Snap shot by Corey Perry.
10:14 of 1st period - Stopped by Pascal Leclaire without a rebound.
10:15 of 1st period - Ryan Getzlaf wins face-off versus Chuck Kobasew in Stars zone.
10:40 of 1st period - Jack Johnson is hit by John Tavares and loses puck.
11:01 of 1st period - Bryan Little is hit by Rickard Wallin.
11:12 of 1st period - Snap shot by Alex Chiasson.
11:12 of 1st period - Stopped by Dan Ellis with a rebound.
11:20 of 1st period - Snap shot by Bryan Little.
11:20 of 1st period - Shot Misses the Net.
12:02 of 1st period - Andrei Kostitsyn is hit by Scott Hartnell and loses puck.
12:07 of 1st period - Snap shot by Michael Frolik.
12:07 of 1st period - Shot Misses the Net.
12:48 of 1st period - Matt Lashoff is hit by Radim Vrbata and loses puck.
12:55 of 1st period - Ryan Getzlaf is hit by Matt Lashoff and loses puck.
13:22 of 1st period - Snap shot by Michael Frolik.
13:22 of 1st period - Goal by Michael Frolik - Avalanche : 0 - Stars : 2.
13:23 of 1st period - Bryan Little wins face-off versus Michael Frolik in neutral zone.
13:34 of 1st period - Wrist shot by Corey Perry.
13:34 of 1st period - Stopped by Pascal Leclaire without a rebound.
13:35 of 1st period - John Tavares wins face-off versus Bryan Little in Stars zone.
13:52 of 1st period - Wrist shot by Bryan Little.
13:52 of 1st period - Shot Misses the Net.
14:25 of 1st period - Snap shot by Michal Handzus.
14:25 of 1st period - Stopped by Dan Ellis with a rebound.
14:27 of 1st period - Snap shot by Matt Cooke.
14:27 of 1st period - Stopped by Dan Ellis with a rebound.
14:29 of 1st period - Snap shot by Michal Handzus.
14:29 of 1st period - Shot Misses the Net.
14:31 of 1st period - Slapshot by Johnny Oduya.
14:31 of 1st period - Shot Misses the Net.
14:33 of 1st period - Slapshot by Brian Lee.
14:33 of 1st period - Stopped by Dan Ellis with a rebound.
14:45 of 1st period - Backhand shot by David Krejci.
14:45 of 1st period - Stopped by Pascal Leclaire with a rebound.
15:06 of 1st period - Off-side.
15:07 of 1st period - Bryan Little wins face-off versus Michael Frolik in neutral zone.
15:21 of 1st period - Wrist shot by John Tavares.
15:21 of 1st period - Stopped by Dan Ellis with a rebound.
15:23 of 1st period - Wrist shot by Michael Frolik.
15:23 of 1st period - Goal by Michael Frolik - Avalanche : 0 - Stars : 3.
15:24 of 1st period - Bryan Little wins face-off versus John Tavares in neutral zone.
16:22 of 1st period - Shaone Morrisonn is hit by Andrew Ladd and loses puck.
16:27 of 1st period - Snap shot by Andrew Ladd.
16:27 of 1st period - Stopped by Pascal Leclaire with a rebound.
16:29 of 1st period - Wrist shot by Brandon Yip.
16:29 of 1st period - Shot Blocked by Shaone Morrisonn.
17:05 of 1st period - Slapshot by Bryan Little.
17:05 of 1st period - Shot Blocked by Scott Hartnell.
17:58 of 1st period - Slapshot by Marc Staal.
17:58 of 1st period - Shot Misses the Net.
18:30 of 1st period - Snap shot by Bryan Little.
18:30 of 1st period - Stopped by Pascal Leclaire without a rebound.
18:31 of 1st period - Ryan Getzlaf wins face-off versus Cory Emmerton in Stars zone.
18:31 of 1st period - Ryan Getzlaf is hit by Matt Lashoff.
Goals for this period are 0 for Avalanche vs 3 for Stars.
Shots for this period are 12 for Avalanche vs 13 for Stars.
2nd period
0:01 of 2nd period - Bryan Little wins face-off versus John Tavares in neutral zone.
1:20 of 2nd period - Snap shot by Paul Stastny.
1:20 of 2nd period - Stopped by Pascal Leclaire without a rebound.
1:21 of 2nd period - Paul Stastny wins face-off versus John Tavares in Stars zone.
1:22 of 2nd period - Wrist shot by Andrew Ladd.
1:22 of 2nd period - Stopped by Pascal Leclaire with a rebound.
1:24 of 2nd period - Slapshot by Johnny Boychuk.
1:24 of 2nd period - Shot Misses the Net.
1:38 of 2nd period - Scott Hartnell is hit by Brandon Yip and loses puck.
1:56 of 2nd period - Snap shot by Paul Stastny.
1:56 of 2nd period - Shot Misses the Net.
1:58 of 2nd period - Snap shot by Brandon Yip.
1:58 of 2nd period - Stopped by Pascal Leclaire with a rebound.
2:00 of 2nd period - Slapshot by Marc Staal.
2:00 of 2nd period - Stopped by Pascal Leclaire with a rebound.
2:02 of 2nd period - Snap shot by Paul Stastny.
2:02 of 2nd period - Shot Misses the Net.
2:33 of 2nd period - Brandon Yip is hit by Michael Frolik and loses puck.
2:44 of 2nd period - Wrist shot by Brandon Yip.
2:44 of 2nd period - Shot Blocked by Andrei Markov.
2:46 of 2nd period - Snap shot by Andrew Ladd.
2:46 of 2nd period - Stopped by Pascal Leclaire with a rebound.
2:48 of 2nd period - Slapshot by Jack Johnson.
2:48 of 2nd period - Deflect By Scott Hartnell.
2:48 of 2nd period - Stopped by Pascal Leclaire without a rebound.
2:49 of 2nd period - Radim Vrbata wins face-off versus Bryan Little in Stars zone.
2:49 of 2nd period - Radim Vrbata is hit by Mikkel Boedker.
2:58 of 2nd period - Minor Penalty to Corey Perry for Roughing.
2:59 of 2nd period - Ryan Getzlaf wins face-off versus Cory Emmerton in Avalanche zone.
3:04 of 2nd period - Snap shot by Radim Vrbata.
3:04 of 2nd period - Stopped by Dan Ellis without a rebound.
3:05 of 2nd period - Ryan Getzlaf wins face-off versus Cory Emmerton in Avalanche zone.
3:08 of 2nd period - Snap shot by Ryan Getzlaf.
3:08 of 2nd period - Stopped by Dan Ellis with a rebound.
3:10 of 2nd period - Slapshot by Brian Lee.
3:10 of 2nd period - Shot Blocked by Jack Johnson.
4:35 of 2nd period - Brian Lee is hit by Jack Johnson and loses puck.
4:40 of 2nd period - Wrist shot by Andrei Kostitsyn.
4:40 of 2nd period - Shot Blocked by Matt Cooke.
4:42 of 2nd period - Slapshot by Marc Staal.
4:42 of 2nd period - Stopped by Pascal Leclaire with a rebound.
4:44 of 2nd period - Slapshot by Jay Bouwmeester.
4:44 of 2nd period - Deflect By David Krejci.
4:44 of 2nd period - Shot Blocked by Johnny Oduya.
4:44 of 2nd period - Puck is out of play.
4:45 of 2nd period - Ryan Getzlaf wins face-off versus Andrew Ladd in Stars zone.
4:58 of 2nd period - Penalty to Corey Perry is over, Corey Perry is back on ice.
6:41 of 2nd period - David Krejci is hit by Michael Frolik and loses puck.
6:58 of 2nd period - Pernell Karl Subban is hit by Raphael Diaz and loses puck.
7:23 of 2nd period - Wrist shot by Cory Emmerton.
7:23 of 2nd period - Deflect By Ryan Getzlaf.
7:23 of 2nd period - Stopped by Pascal Leclaire without a rebound.
7:24 of 2nd period - Cory Emmerton wins face-off versus Ryan Getzlaf in Stars zone.
7:29 of 2nd period - Wrist shot by Chuck Kobasew.
7:29 of 2nd period - Shot Misses the Net.
7:31 of 2nd period - Snap shot by Jay Bouwmeester.
7:31 of 2nd period - Deflect By Cory Emmerton.
7:31 of 2nd period - Goal by Cory Emmerton - Avalanche : 1 - Stars : 3.
7:32 of 2nd period - John Tavares wins face-off versus Corey Perry in neutral zone.
7:45 of 2nd period - Pernell Karl Subban is hit by John Tavares and loses puck.
8:30 of 2nd period - Paul Stastny is hit by Evgeny Artyukhin.
8:56 of 2nd period - Alex Chiasson is hit by Alexander Radulov and loses puck.
9:16 of 2nd period - Wrist shot by John Tavares.
9:16 of 2nd period - Deflect By Michael Frolik.
9:16 of 2nd period - Stopped by Dan Ellis with a rebound.
9:18 of 2nd period - Wrist shot by Michael Frolik.
9:18 of 2nd period - Shot Blocked by Matt Lashoff.
10:15 of 2nd period - Wrist shot by Dustin Penner.
10:15 of 2nd period - Shot Misses the Net.
10:29 of 2nd period - Johnny Oduya is hit by Corey Perry and loses puck.
11:34 of 2nd period - Minor Penalty to Paul Stastny for Holding.
11:35 of 2nd period - Andrew Ladd wins face-off versus John Tavares in Avalanche zone.
13:34 of 2nd period - Penalty to Paul Stastny is over, Paul Stastny is back on ice.
13:46 of 2nd period - Raphael Diaz is hit by Bryan Little and loses puck.
14:18 of 2nd period - Wrist shot by Rickard Wallin.
14:18 of 2nd period - Shot Misses the Net.
16:33 of 2nd period - Snap shot by Cory Emmerton.
16:33 of 2nd period - Deflect By Chuck Kobasew.
16:33 of 2nd period - Shot Misses the Net.
16:33 of 2nd period - Puck is out of play.
16:34 of 2nd period - Ryan Getzlaf wins face-off versus Bryan Little in Stars zone.
17:10 of 2nd period - Snap shot by John Tavares.
17:10 of 2nd period - Shot Blocked by Johnny Boychuk.
17:12 of 2nd period - Wrist shot by Scott Hartnell.
17:12 of 2nd period - Stopped by Dan Ellis with a rebound.
17:24 of 2nd period - Slapshot by Andrew Ladd.
17:24 of 2nd period - Shot Misses the Net.
17:51 of 2nd period - Slapshot by David Krejci.
17:51 of 2nd period - Stopped by Pascal Leclaire with a rebound.
17:53 of 2nd period - Slapshot by Matt Lashoff.
17:53 of 2nd period - Shot Misses the Net.
17:59 of 2nd period - Minor Penalty to Brian Lee for Roughing.
18:00 of 2nd period - John Tavares wins face-off versus Bryan Little in Stars zone.
19:59 of 2nd period - Penalty to Brian Lee is over, Brian Lee is back on ice.
Goals for this period are 1 for Avalanche vs 0 for Stars.
Shots for this period are 10 for Avalanche vs 4 for Stars.
3rd period
0:01 of 3rd period - John Tavares wins face-off versus Bryan Little in neutral zone.
0:03 of 3rd period - Off-side.
0:04 of 3rd period - Michael Frolik wins face-off versus Bryan Little in neutral zone.
0:07 of 3rd period - Slapshot by Brian Lee.
0:07 of 3rd period - Stopped by Dan Ellis without a rebound.
0:08 of 3rd period - John Tavares wins face-off versus Bryan Little in Avalanche zone.
0:11 of 3rd period - Wrist shot by John Tavares.
0:11 of 3rd period - Deflect By Scott Hartnell.
0:11 of 3rd period - Goal by Scott Hartnell - Avalanche : 1 - Stars : 4.
0:11 of 3rd period - Semyon Varlamov enters game.
0:12 of 3rd period - John Tavares wins face-off versus Bryan Little in neutral zone.
0:16 of 3rd period - Off-side.
0:17 of 3rd period - John Tavares wins face-off versus Bryan Little in neutral zone.
0:20 of 3rd period - Snap shot by Michael Frolik.
0:20 of 3rd period - Stopped by Semyon Varlamov with a rebound.
0:43 of 3rd period - Wrist shot by Michal Handzus.
0:43 of 3rd period - Shot Blocked by Marc Staal.
0:49 of 3rd period - Wrist shot by Mikkel Boedker.
0:49 of 3rd period - Stopped by Pascal Leclaire without a rebound.
0:50 of 3rd period - Cory Emmerton wins face-off versus Michal Handzus in Stars zone.
1:01 of 3rd period - Slapshot by Michal Handzus.
1:01 of 3rd period - Stopped by Semyon Varlamov with a rebound.
1:03 of 3rd period - Wrist shot by Matt Cooke.
1:03 of 3rd period - Stopped by Semyon Varlamov without a rebound.
1:04 of 3rd period - Bryan Little wins face-off versus John Tavares in Avalanche zone.
1:04 of 3rd period - Bryan Little is hit by Johnny Oduya.
1:41 of 3rd period - Slapshot by John Tavares.
1:41 of 3rd period - Shot Misses the Net.
1:43 of 3rd period - Wrist shot by Scott Hartnell.
1:43 of 3rd period - Stopped by Semyon Varlamov with a rebound.
1:45 of 3rd period - Slapshot by Trevor Daley.
1:45 of 3rd period - Deflect By Pernell Karl Subban.
1:45 of 3rd period - Stopped by Semyon Varlamov with a rebound.
2:03 of 3rd period - Slapshot by Scott Hartnell.
2:03 of 3rd period - Stopped by Semyon Varlamov with a rebound.
2:13 of 3rd period - Snap shot by Brandon Yip.
2:13 of 3rd period - Shot Blocked by Michael Frolik.
2:15 of 3rd period - Wrist shot by Marc Staal.
2:15 of 3rd period - Shot Misses the Net.
2:23 of 3rd period - Wrist shot by Brandon Yip.
2:23 of 3rd period - Shot Misses the Net.
2:25 of 3rd period - Snap shot by Andrew Ladd.
2:25 of 3rd period - Stopped by Pascal Leclaire with a rebound.
2:27 of 3rd period - Snap shot by Brandon Yip.
2:27 of 3rd period - Stopped by Pascal Leclaire without a rebound.
2:28 of 3rd period - Ryan Getzlaf wins face-off versus Bryan Little in Stars zone.
2:28 of 3rd period - Ryan Getzlaf is hit by Mikkel Boedker.
3:09 of 3rd period - Cory Emmerton is hit by Michal Handzus and loses puck.
3:44 of 3rd period - Snap shot by Bryan Little.
3:44 of 3rd period - Stopped by Pascal Leclaire without a rebound.
3:45 of 3rd period - Bryan Little wins face-off versus Ryan Getzlaf in Stars zone.
4:10 of 3rd period - Johnny Boychuk is hit by Jussi Jokinen and loses puck.
4:35 of 3rd period - Snap shot by Ryan Getzlaf.
4:35 of 3rd period - Stopped by Semyon Varlamov with a rebound.
4:37 of 3rd period - Slapshot by Johnny Oduya.
4:37 of 3rd period - Deflect By Ryan Getzlaf.
4:37 of 3rd period - Stopped by Semyon Varlamov without a rebound.
4:38 of 3rd period - John Tavares wins face-off versus Cory Emmerton in Avalanche zone.
5:03 of 3rd period - Michal Handzus is hit by Jack Johnson and loses puck.
5:08 of 3rd period - Snap shot by Brandon Yip.
5:08 of 3rd period - Shot Blocked by Andrei Markov.
5:10 of 3rd period - Snap shot by Andrew Ladd.
5:10 of 3rd period - Shot Misses the Net.
5:33 of 3rd period - Minor Penalty to Dustin Penner for Interference.
5:34 of 3rd period - Bryan Little wins face-off versus John Tavares in Stars zone.
5:49 of 3rd period - Slapshot by Bryan Little.
5:49 of 3rd period - Stopped by Pascal Leclaire with a rebound.
5:51 of 3rd period - Wrist shot by Mikkel Boedker.
5:51 of 3rd period - Deflect By Bryan Little.
5:51 of 3rd period - Stopped by Pascal Leclaire without a rebound.
5:52 of 3rd period - Andrei Kostitsyn wins face-off versus John Tavares in Stars zone.
5:53 of 3rd period - Snap shot by Paul Stastny.
5:53 of 3rd period - Shot Blocked by John Tavares.
5:55 of 3rd period - Slapshot by Jack Johnson.
5:55 of 3rd period - Stopped by Pascal Leclaire with a rebound.
6:17 of 3rd period - John Tavares is hit by Bryan Little.
7:33 of 3rd period - Penalty to Dustin Penner is over, Dustin Penner is back on ice.
9:06 of 3rd period - Snap shot by Dustin Penner.
9:06 of 3rd period - Deflect By Rickard Wallin.
9:06 of 3rd period - Shot Blocked by Andrew Ladd.
9:06 of 3rd period - Puck is out of play.
9:07 of 3rd period - Rickard Wallin wins face-off versus Bryan Little in Avalanche zone.
9:20 of 3rd period - Snap shot by Bryan Little.
9:20 of 3rd period - Shot Misses the Net.
9:34 of 3rd period - Slapshot by Brian Lee.
9:34 of 3rd period - Deflect By Alex Chiasson.
9:34 of 3rd period - Deflect By Bryan Little.
9:34 of 3rd period - Stopped by Semyon Varlamov without a rebound.
9:35 of 3rd period - Cory Emmerton wins face-off versus Michael Frolik in Avalanche zone.
9:35 of 3rd period - Cory Emmerton is hit by Scott Hartnell.
9:54 of 3rd period - Minor Penalty to Johnny Oduya for Roughing.
9:55 of 3rd period - Bryan Little wins face-off versus John Tavares in Stars zone.
9:55 of 3rd period - Snap shot by Mikkel Boedker.
9:55 of 3rd period - Stopped by Pascal Leclaire without a rebound.
9:56 of 3rd period - Corey Perry wins face-off versus John Tavares in Stars zone.
10:22 of 3rd period - Icing by Alexander Radulov.
10:23 of 3rd period - John Tavares wins face-off versus Paul Stastny in Avalanche zone.
10:42 of 3rd period - Corey Perry is hit by John Tavares.
11:32 of 3rd period - Corey Perry is hit by Dustin Penner.
11:54 of 3rd period - Penalty to Johnny Oduya is over, Johnny Oduya is back on ice.
12:19 of 3rd period - Paul Stastny is hit by Evgeny Artyukhin and loses puck.
12:54 of 3rd period - Rickard Wallin is hit by Pernell Karl Subban and loses puck.
13:05 of 3rd period - Brandon Yip is hit by Evgeny Artyukhin and loses puck.
13:35 of 3rd period - Jack Johnson is hit by Radim Vrbata and loses puck.
13:46 of 3rd period - Slapshot by Radim Vrbata.
13:46 of 3rd period - Stopped by Semyon Varlamov without a rebound.
13:47 of 3rd period - Mikkel Boedker wins face-off versus John Tavares in Avalanche zone.
14:34 of 3rd period - Minor Penalty to Shaone Morrisonn for Roughing.
14:35 of 3rd period - Paul Stastny wins face-off versus John Tavares in Stars zone.
14:41 of 3rd period - Snap shot by Andrei Kostitsyn.
14:41 of 3rd period - Shot Misses the Net.
14:47 of 3rd period - Wrist shot by Andrei Kostitsyn.
14:47 of 3rd period - Stopped by Pascal Leclaire with a rebound.
14:49 of 3rd period - Slapshot by Marc Staal.
14:49 of 3rd period - Shot Misses the Net.
14:51 of 3rd period - Snap shot by Paul Stastny.
14:51 of 3rd period - Deflect By Andrei Kostitsyn.
14:51 of 3rd period - Stopped by Pascal Leclaire without a rebound.
14:52 of 3rd period - Jussi Jokinen wins face-off versus Bryan Little in Stars zone.
14:52 of 3rd period - Jussi Jokinen is hit by Bryan Little.
15:08 of 3rd period - Snap shot by Bryan Little.
15:08 of 3rd period - Stopped by Pascal Leclaire with a rebound.
15:28 of 3rd period - Snap shot by Marc Staal.
15:28 of 3rd period - Shot Blocked by Brian Lee.
16:34 of 3rd period - Penalty to Shaone Morrisonn is over, Shaone Morrisonn is back on ice.
16:42 of 3rd period - Slapshot by Dustin Penner.
16:42 of 3rd period - Stopped by Semyon Varlamov with a rebound.
16:44 of 3rd period - Wrist shot by Alex Chiasson.
16:44 of 3rd period - Stopped by Semyon Varlamov without a rebound.
16:45 of 3rd period - Ryan Getzlaf wins face-off versus Cory Emmerton in Avalanche zone.
17:10 of 3rd period - Raphael Diaz is hit by Ryan Smyth and loses puck.
17:51 of 3rd period - Michael Frolik is hit by Corey Perry and loses puck.
18:33 of 3rd period - Wrist shot by David Krejci.
18:33 of 3rd period - Goal by David Krejci - Avalanche : 2 - Stars : 4.
18:34 of 3rd period - Michal Handzus wins face-off versus Andrew Ladd in neutral zone.
18:49 of 3rd period - Slapshot by Andrew Ladd.
18:49 of 3rd period - Shot Blocked by Evgeny Artyukhin.
19:11 of 3rd period - Snap shot by Scott Hartnell.
19:11 of 3rd period - Stopped by Semyon Varlamov with a rebound.
19:33 of 3rd period - Minor Penalty to Andrei Kostitsyn for Hooking.
19:34 of 3rd period - Andrew Ladd wins face-off versus Ryan Getzlaf in Avalanche zone.
19:47 of 3rd period - Snap shot by Andrei Markov.
19:47 of 3rd period - Shot Blocked by Marc Staal.
Goals for this period are 1 for Avalanche vs 1 for Stars.
Shots for this period are 12 for Avalanche vs 15 for Stars.
Back to the Top